 Dungeon Crawl Stone Soup version 0.14-a0-1029-g9530a8b (webtiles) character file.

2499 SleeperHasAwakened the Summoner (level 9, -16/57 HPs)
             Began as a Vampire Summoner on Nov 23, 2013.
             Was a Believer of Sif Muna.
             Demolished by a wyvern (20 damage)
             ... on Level 9 of the Dungeon.
             The game lasted 00:29:19 (12829 turns).

SleeperHasAwakened the Summoner (Vampire Summoner) Turns: 12829, Time: 00:29:19

HP -16/57        AC  5     Str  7      XL: 9   Next:  7%
MP   1/22        EV 13     Int 20      God: Sif Muna [**....]
Gold 397         SH  0     Dex 14      Spells:  2 memorised, 15 levels left

Res.Fire  : . . .   See Invis. : +   n - +0 short sword
Res.Cold  : + . .   Warding    : .   a - +0 robe
Life Prot.: + + .   Conserve   : .   (no shield)
Res.Poison: +       Res.Corr.  : .   i - +2 wizard hat
Res.Elec. : .       Clarity    : .   (no cloak)
Sust.Abil.: . .     Spirit.Shd : .   (no gloves)
Res.Mut.  : .       Stasis     : .   s - +0 pair of boots
Res.Rott. : +       Flight     : .   (no amulet)
Saprovore : . . .                    (no ring)
                                     (no ring)

@: regenerating slowly, hasted, very quick, somewhat resistant to hostile
enchantments, stealthy
A: bottle blood, fangs 3, see invisible, unbreathing
a: Bat Form, Bottle Blood, Channel Energy, Forget Spell, Renounce Religion


You were on level 9 of the Dungeon.
You worshipped Sif Muna.
Sif Muna was pleased with you.
You were thirsty.

You visited 1 branch of the dungeon, and saw 9 of its levels.

You collected 397 gold pieces.

Inventory:

Hand weapons
 g - a +1,+1 orcish falchion
 n - a +0,+0 short sword (weapon)
 o - a +0 blowgun
Missiles
 p - 10 curare-tipped needles
 C - a throwing net (quivered)
Armour
 a - a +0 robe (worn)
 i - a +2 wizard hat (worn)
 s - a +0 pair of boots (worn)
Magical devices
 c - a wand of magic darts (0)
 m - a wand of teleportation (0)
 u - a wand of flame (14)
 A - a wand of disintegration (0)
 E - a wand of confusion (0)
 H - a wand of flame (8)
Scrolls
 d - a scroll of recharging {unknown}
 j - 2 scrolls of curse jewellery {unknown}
 k - 3 scrolls of enchant weapon II
 q - 2 scrolls of blinking
 t - 2 scrolls of identify
 v - a scroll of curse weapon {unknown}
 w - 2 scrolls of teleportation {unknown}
 x - a scroll of immolation {unknown}
 y - 2 scrolls of fear
 D - a scroll of magic mapping {unknown}
 F - a scroll of amnesia
 G - 2 scrolls of remove curse
Jewellery
 B - an uncursed ring of flight {unknown}
Potions
 f - a potion of restore abilities
 h - a potion of agility
 l - a potion of magic {unknown}
 r - a potion of curing
 z - 2 potions of might {unknown}
Books
 b - a book of Callings

   Spells                             Type                      Level
   Summon Small Mammal                Summoning                    1
   *Call Imp                          Summoning                    2
   *Call Canine Familiar              Summoning                    3
   Summon Scorpions                   Summoning/Poison             4
   Summon Ice Beast                   Ice/Summoning                4


   Skills:
 + Level 3.7 Dodging
 + Level 3.8 Stealth
 + Level 6.4 Spellcasting
 * Level 9.5 Summonings
 * Level 2.5 Invocations


You had 15 spell levels left.
You knew the following spells:

 Your Spells              Type           Power        Failure   Level  Hunger
b - Call Imp              Summ           #####.....   1%          2    None
c - Call Canine Familiar  Summ           #####.....   1%          3    ##.....


Dungeon Overview and Level Annotations

Branches:
Dungeon (9/16)             Temple (0/1) D:7
    Orc: D:9-12        Lair: D:8-11

Altars:
Ashenzari
Elyvilon
Fedhas
Kikubaaqudgha
Makhleb
Okawaru
Sif Muna
Vehumet
Xom
Zin


Innate Abilities, Weirdness & Mutations

You heal slowly.
You can bottle blood from corpses.
You have razor-sharp teeth.*
You have supernaturally acute eyesight.
You can survive without breathing.*


Message History

Your wolf barely misses the wyvern.
Your wolf bites the wyvern but does no damage.
The wyvern bites you!
* * * LOW HITPOINT WARNING * * *
Unknown command.
Evoke which item? (* to show all) (? for menu, Esc to quit)
Zapping:
E - a wand of confusion {zapped: 7}
Press: ? - help, Shift-Dir - straight line, f/p - wyvern
Aim: a wyvern (moderately wounded)
The wyvern struggles to resist.
Your hound barely misses the wyvern.
Your jackal closely misses the wyvern.
Your wolf closely misses the wyvern.
The wyvern bites you!
* * * LOW HITPOINT WARNING * * *
Your hound bites the wyvern but does no damage.
Your jackal bites the wyvern.
Your wolf completely misses the wyvern.
Drink which item? (? for menu, Esc to quit)
You feel yourself speed up. The wyvern barely misses you.
Your wolf barely misses the wyvern.
Your hound barely misses the wyvern.
Your jackal barely misses the wyvern.
The wyvern bites you!
You die...

#.# ###.###
#.....####
#........
#.......
#.....#
#..hh.#
#..Dh.#
#..@<.#
#....).......
#.......###.
##......... .
#%......#.. .
#...###.# ...
..... .#
..... ......
#... ###. ..


You could see a wyvern, a friendly wolf, a friendly hound and a friendly jackal.

Vanquished Creatures
  A sky beast (D:8)
  A crocodile (D:8)
  2 orc priests (D:8)
  3 orcs
  A goblin (D:1)
8 creatures vanquished.

Vanquished Creatures (collateral kills)
  The ghost of SleeperHasAwakened the Poker, an experienced DsFi of Okawaru (D:5)
  A steam dragon (D:8)
  A hungry ghost (D:6)
  A manticore (D:8)
  2 ice beasts
  2 phantoms (D:4)
  A sky beast (D:8)
  An orc warrior (D:7)
  2 centaurs
  3 ogres
  3 giant frogs
  4 killer bees (D:8)
  A giant goldfish zombie (D:9)
  A hippogriff skeleton (D:6)
  3 wights (D:8)
  5 crimson imps
  2 goliath beetles
  5 orc priests
  A jelly (D:6)
  A scorpion (D:7)
  3 hounds
  An iguana (D:6)
  5 orc wizards
  5 worker ants
  An ogre zombie (D:7)
  An ogre skeleton (D:4)
  13 adders
  A worker ant zombie (D:6)
  7 gnolls
  An inept feature mimic (D:5)
  2 giant mites
  A goliath beetle zombie (D:8)
  5 worms
  3 adder skeletons
  3 giant geckos (D:3)
  An ooze (D:1)
  35 orcs
  20 bats
  2 bat zombies (D:9)
  5 giant cockroaches
  15 goblins
  17 hobgoblins
  4 jackals
  2 quokkas
  A ball python (D:5)
  6 giant newts
  A jackal skeleton (D:6)
  17 kobolds
  An orc zombie (D:6)
  A quokka skeleton (D:4)
  A quokka zombie (D:6)
  18 rats
  2 rat skeletons (D:7)
  2 rat zombies (D:9)
  4 ballistomycetes (D:8)
248 creatures vanquished.

Vanquished Creatures (others)
  7 wolves
  2 wargs
  18 hounds
  An iron imp (D:8)
  A gnoll (D:4)
  4 white imps
  A shadow imp (D:3)
  2 grey rats (D:1)
  6 bats (D:1)
  36 jackals
  A quokka (D:1)
  A giant spore (D:8)
  7 rats (D:1)
87 creatures vanquished.

Grand Total: 343 creatures vanquished

Notes
Turn   | Place    | Note
--------------------------------------------------------------
     0 | D:1      | SleeperHasAwakened, the Vampire Summoner, began the quest for the Orb.
     0 | D:1      | Reached XP level 1. HP: 13/13 MP: 4/4
   599 | D:1      | Reached XP level 2. HP: 17/19 MP: 1/5
  1340 | D:1      | Learned a level 2 spell: Call Imp
  1405 | D:1      | Reached XP level 3. HP: 10/24 MP: 1/7
  2205 | D:2      | Found a glowing silver altar of Zin.
  2288 | D:2      | Learned a level 3 spell: Call Canine Familiar
  2537 | D:3      | Reached skill level 5 in Summonings
  2537 | D:3      | Reached XP level 4. HP: 26/30 MP: 2/9
  3152 | D:3      | Found a burning altar of Makhleb.
  3171 | D:3      | Reached XP level 5. HP: 29/35 MP: 2/11
  3183 | D:3      | Found a radiant altar of Vehumet.
  3561 | D:3      | HP: 1/35 [poisoned by an adder]
  3998 | D:4      | Noticed an ogre
  4008 | D:4      | Killed an ogre
  4412 | D:4      | Noticed a phantom
  5285 | D:4      | Reached XP level 6. HP: 38/41 MP: 3/13
  5451 | D:4      | Killed a phantom
  5451 | D:4      | Reached skill level 6 in Summonings
  5568 | D:4      | Noticed a phantom
  5595 | D:4      | Killed a phantom
  5669 | D:5      | Entered Level 5 of the Dungeon
  5802 | D:5      | Found a blossoming altar of Fedhas.
  5802 | D:5      | Found a white marble altar of Elyvilon.
  5803 | D:5      | Found a deep blue altar of Sif Muna.
  5809 | D:5      | Became a worshipper of Sif Muna the Loreminder
  5820 | D:5      | Found an iron altar of Okawaru.
  5997 | D:5      | Noticed SleeperHasAwakened's ghost (experienced DsFi)
  6015 | D:5      | Killed SleeperHasAwakened's ghost
  6125 | D:5      | Found a shimmering altar of Xom.
  6200 | D:5      | Reached XP level 7. HP: 46/46 MP: 1/17
  7369 | D:6      | Reached skill level 7 in Summonings
  7410 | D:6      | Acquired Sif Muna's first power
  7945 | D:7      | Reached skill level 5 in Spellcasting
  8258 | D:7      | Found a shimmering altar of Xom.
  8336 | D:7      | Found a staircase to the Ecumenical Temple.
  8352 | D:7      | Reached XP level 8. HP: 52/52 MP: 2/20
  8449 | D:7      | Reached skill level 8 in Summonings
  8829 | D:8      | Reached skill level 1 in Invocations
  8882 | D:8      | Acquired Sif Muna's second power
  9780 | D:8      | Found a shattered altar of Ashenzari.
  9814 | D:8      | Reached skill level 9 in Summonings
  9995 | D:8      | Saw a vision of the Shoals and the Spider Nest.
  9995 | D:8      | Noticed a sea snake
  9995 | D:8      | Noticed a sea snake
 12455 | D:9      | Found an ancient bone altar of Kikubaaqudgha.
 12724 | D:8      | Reached XP level 9. HP: 42/57 MP: 22/22
 12829 | D:9      | Demolished by a wyvern

Action                   |  1- 3 |  4- 6 |  7- 9 || total
-------------------------+-------+-------+-------++-------
Melee: Unarmed           |     4 |     5 |     2 ||    11
       Short sword       |       |       |     4 ||     4
 Cast: Summon Small Mamm |    60 |       |       ||    60
       Call Imp          |    34 |     6 |     2 ||    42
       Call Canine Famil |     3 |    74 |   205 ||   282
Invok: Channel Energy    |       |       |    31 ||    31
Evoke: Wand              |       |       |     9 ||     9
  Use: Potion            |     4 |     1 |     6 ||    11
       Scroll            |       |    11 |     5 ||    16
 Stab: Distracted        |       |     1 |       ||     1
